 Dungeon Crawl Stone Soup version 0.19-a0-32-gbfd796a (webtiles) character file.

66 M4edhros the Grave Robber (level 4, -15/27 HPs)
             Began as an Octopode Necromancer on May 2, 2016.
             Demolished by Menkaure (18 damage)
             ... on level 4 of the Dungeon.
             The game lasted 00:06:02 (985 turns).

M4edhros the Grave Robber (Octopode Necromancer)     Turns: 985, Time: 00:06:02

Health: -15/27     AC:  1    Str:  7    XL:     4   Next: 15%
Magic:  7/7        EV: 12    Int: 17    God:
Gold:   83         SH:  0    Dex: 13    Spells: 3 memorised, 2 levels left

rFire  . . .     SeeInvis .       - Unarmed
rCold  . . .     Gourm    .     (no shield)
rNeg   + . .     Faith    .     (helmet restricted)
rPois  .         Spirit   .     (no amulet)
rElec  .         Dismiss  .     c - ring of positive energy
rCorr  .         Reflect  .     (no ring)
SustAt .         Harm     .     (no ring)
MR     .....                    (no ring)
Stlth  +++.......               (no ring)
                                (no ring)
                                (no ring)
                                (no ring)

@: not resistant to hostile enchantments, fairly stealthy
A: almost no armour, amphibious, 8 rings, constrict 8, camouflage 1, gelatinous
body 1
a: no special abilities


You were on level 4 of the Dungeon.
You were hungry.

You visited 1 branch of the dungeon, and saw 4 of its levels.

You collected 83 gold pieces.

Inventory:

Hand Weapons
 g - a +0 blowgun
 h - a +0 hunting sling
 k - a +1 whip of venom
Missiles
 i - 46 sling bullets
 m - 13 poisoned needles
Jewellery
 c - a ring of positive energy (left tentacle)
Scrolls
 e - 2 scrolls of teleportation
Books
 a - a book of Necromancy

   Spells                             Type                      Level
   a - Pain                           Necromancy                   1
   b - Animate Skeleton               Necromancy                   1
   c - Vampiric Draining              Necromancy                   3
   d - Regeneration                   Charms/Necromancy            3
   e - Animate Dead                   Necromancy                   4
   f - Control Undead                 Necromancy                   4
Comestibles
 b - a bread ration
 f - 2 meat rations
 j - a slice of pizza


   Skills:
 - Level 2.0 Dodging
 - Level 2.6 Stealth
 + Level 3.6 Unarmed Combat
 - Level 2.0 Spellcasting
 - Level 4.0 Necromancy


You had 2 spell levels left.
You knew the following spells:

 Your Spells              Type           Power        Failure   Level  Hunger
a - Pain                  Necr           ###.         3%          1    #......
b - Animate Skeleton      Necr           N/A          3%          1    #......
r - Regeneration          Chrm/Necr      #.........   24%         3    ###....


Dungeon Overview and Level Annotations

Branches:
Dungeon (4/15)
 Temple: D:4-7

Altars:
Ashenzari
Gozag

Annotations:
D:4 Menkaure


Innate Abilities, Weirdness & Mutations

You cannot wear most types of armour.
You are amphibious.
You can wear up to eight rings at the same time.
You can use your tentacles to constrict eight enemies at once.
Your skin changes colour to match your surroundings (Stealth).
Your rubbery body absorbs attacks (AC +1).


Message History

The helpless Menkaure fails to defend himself.
You tentacle-slap Menkaure. You grab Menkaure.
You squeeze Menkaure, but do no damage.
Menkaure is lightly damaged.
You constrict Menkaure, but do no damage.
Menkaure struggles against the net.
You tentacle-slap Menkaure but do no damage.
Menkaure is lightly damaged.
You constrict Menkaure, but do no damage.
Menkaure struggles against the net.
The net rips apart, and Menkaure comes free!
You completely miss Menkaure.
Menkaure is lightly damaged.
You constrict Menkaure. Menkaure hits you!
* * * LOW HITPOINT WARNING * * *
You tentacle-slap Menkaure.
Menkaure is lightly damaged.
You constrict Menkaure. Menkaure hits you!!
Ouch! That really hurt!
You die...

#......##
##.......#
##........#
#.........# ...
##.........# #...
#..........# #...
##..........# #..
#.....@M....#
#..###...........#
#..###............
#................
##...##........##.
##..#####.......#
##..## ##.....##
##..## ###...#
###..## #..#


You could see Menkaure.

Vanquished Creatures
  A gnoll (D:3)
  2 adders (D:2)
  3 worms
  A giant gecko (D:1)
  A ball python (D:1)
  2 bats (D:1)
  3 giant cockroaches (D:1)
  5 goblins
  2 hobgoblins (D:2)
  5 kobolds
  2 giant newts (D:1)
  3 rats (D:2)
30 creatures vanquished.

Vanquished Creatures (collateral kills)
  A giant cockroach (D:1)
  2 hobgoblins (D:1)
3 creatures vanquished.

Grand Total: 33 creatures vanquished

Notes
Turn   | Place    | Note
--------------------------------------------------------------
     0 | D:1      | M4edhros the Octopode Necromancer began the quest for the Orb.
     0 | D:1      | Reached XP level 1. HP: 11/11 MP: 3/3
    40 | D:1      | Learned a level 1 spell: Animate Skeleton
    58 | D:1      | Reached skill level 1 in Unarmed Combat
   105 | D:1      | Reached XP level 2. HP: 3/17 MP: 0/5
   396 | D:2      | Reached XP level 3. HP: 5/21 MP: 6/6
   401 | D:2      | Learned a level 3 spell: Regeneration
   453 | D:2      | Found an opulent altar of Gozag.
   509 | D:2      | Found a shattered altar of Ashenzari.
   703 | D:3      | Reached XP level 4. HP: 13/27 MP: 1/7
   976 | D:4      | Noticed Menkaure
   985 | D:4      | Demolished by Menkaure

Vault maps used:
D:1:      evilmike_arrival_crescent, minmay_misc_feat_doors, due_unseen_surprise
D:2:      nicolae_gozag_cash_rules_everything_around_me, lemuel_doored_altar
D:3:      first_bread
D:4:      uniq_menkaure, uniq_grinder

Skill      XL: |  1  2  3 |
---------------+----------+-----
Unarmed Combat | 1 2 3 |  3.6
Dodging        | |  2.0
Stealth        | |  2.6
Spellcasting   | |  2.0
Necromancy     | |  4.0

Action                   |  1- 3 |  4- 6 || total
-------------------------+-------+-------++-------
Melee: Unarmed           |    41 |    10 ||    51
       Constrict         |    11 |     2 ||    13
       Tentacles         |     8 |     2 ||    10
       Punch             |       |     1 ||     1
Throw: Throwing net      |       |     1 ||     1
 Cast: Pain              |    27 |     1 ||    28
       Animate Skeleton  |     9 |       ||     9
       Regeneration      |     7 |     3 ||    10
  Use: Potion            |     2 |       ||     2
       Scroll            |     2 |     1 ||     3
 Stab: Sleeping          |     1 |       ||     1
       Invisible         |     2 |       ||     2
       Distracted        |     1 |       ||     1
       Held in net/web   |       |     1 ||     1
  Eat: Chunk             |       |     2 ||     2
Armor: Skin              |     2 |     3 ||     5
Dodge: Dodged            |    19 |    10 ||    29
